[Event "Titled Tuesday Blitz July 25 Early 2023"]
[White "Grandelius, Nils"]
[Black "Szyszylo, Rafal"]
[WhiteFideId "1710400"]
[BlackFideId "1109626"]
[WhiteElo "2861"]
[BlackElo "2462"]
[Result "1-0"]
[Round "1"]
[TimeControl "180+2"]
[Date "2023.07.25"]
[WhiteClock "0:01:53"]
[BlackClock "0:00:03"]
[Board "48"]

1. d4 d6 2. g3 Nf6 3. Bg2 g6 4. e4 Bg7 5. Nc3 O-O 6. Nge2 e5 7. O-O Nc6 8. dxe5 dxe5 9. Bg5 h6 10. Qxd8 Nxd8 11. Bxf6 Bxf6 12. Nd5 Kg7 13. Nxc7 Rb8 14. Rfd1 Ne6 15. Nd5 Bd8 16. c3 b5 17. Nc1 a5 18. Nd3 f6 19. h4 Bb6 20. h5 Ng5 21. hxg6 Be6 22. Nxb6 Rxb6 23. f4 exf4 24. gxf4 Nh3+ 25. Kh2 Bg4 26. Rd2 1-0


[Site "https://www.chess.com"]

[Event "Titled Tuesday Blitz July 25 Early 2023"]
[White "Ljukin, Sergei"]
[Black "Bernadskiy, Vitaliy"]
[WhiteFideId "14102200"]
[BlackFideId "14100371"]
[WhiteElo "2458"]
[BlackElo "2860"]
[Result "0-1"]
[Round "1"]
[TimeControl "180+2"]
[Date "2023.07.25"]
[WhiteClock "0:00:10"]
[BlackClock "0:00:56"]
[Board "49"]

1. e4 c5 2. Nf3 d6 3. d4 cxd4 4. Nxd4 Nf6 5. Nc3 g6 6. Be3 Nc6 7. f3 h5 8. Qd2 Nxd4 9. Bxd4 Bh6 10. Be3 Bxe3 11. Qxe3 Be6 12. Bd3 Qa5 13. O-O Rc8 14. Kh1 a6 15. f4 Qc5 16. Qd2 h4 17. f5 Nh5 18. Rf2 gxf5 19. exf5 Ng3+ 20. Kg1 Nxf5 21. Ne4 Qe3 22. Qxe3 Nxe3 23. Re1 Ng4 24. Rf4 Ne5 25. Ng5 Nxd3 26. cxd3 Bxa2 27. Ra4 Bd5 28. Rd4 Rc5 29. b4 Rb5 30. Ne4 Bxe4 31. Rexe4 Kd7 32. Rxh4 Rxh4 33. Rxh4 Rd5 34. Rf4 f6 35. d4 Rb5 36. h4 Ke8 37. h5 Rxh5 0-1


[Site "https://www.chess.com"]

[Event "Titled Tuesday Blitz July 25 Early 2023"]
[White "Bacrot, Etienne"]
[Black "Avazkhonov, Alikhon"]
[WhiteFideId "605506"]
[BlackFideId "14208504"]
[WhiteElo "2860"]
[BlackElo "2457"]
[Result "1-0"]
[Round "1"]
[TimeControl "180+2"]
[Date "2023.07.25"]
[WhiteClock "0:00:06"]
[BlackClock "0:00:02"]
[Board "50"]

1. d4 Nf6 2. Nf3 e6 3. Bf4 d5 4. e3 Bd6 5. Nbd2 O-O 6. Bd3 c5 7. c3 Nc6 8. Ne5 Bxe5 9. dxe5 Nd7 10. Nf3 Qb6 11. Bxh7+ Kxh7 12. Ng5+ Kg6 13. Qc2+ f5 14. Nxe6 Rf7 15. Ng5 Ncxe5 16. Nxf7 Nxf7 17. g4 Nde5 18. O-O-O Be6 19. Rhg1 Kf6 20. Rxd5 Bxd5 21. Bxe5+ Ke7 22. Qxf5 Qe6 23. Qxe6+ Bxe6 24. Bf4 Rh8 25. f3 Rh3 26. Bg3 Ng5 27. Rf1 Bc4 28. Rf2 Bxa2 29. b4 Bc4 30. bxc5 Ne6 31. Bd6+ Kd7 32. e4 Kc6 33. Kd2 a5 34. Ke3 a4 35. Rb2 Bb3 36. Rb1 Nxc5 37. Be5 Ne6 38. c4 g5 39. Bf6 Kc5 40. Rc1 a3 41. Be7+ Kc6 42. Bxa3 Nc5 43. Rc3 Rxh2 44. Bxc5 Bd1 45. Be7 Re2+ 46. Kd4 Rf2 47. Rd3 Bxf3 48. Bxg5 Bxg4 49. Rg3 Be6 50. Be3 Rc2 51. c5 Rc4+ 52. Kd3 Rb4 53. Rg6 Kd7 54. Bd4 Rb3+ 55. Kd2 Rf3 56. Rg7+ Rf7 57. Rg5 Rf3 58. Ke2 Rf7 59. Ke3 Bc4 60. Rg6 Be6 61. Rh6 Re7 62. Bf6 Rf7 63. Kd4 Bg4 64. Be5 Be6 65. Bg3 Rf3 66. Rh7+ Rf7 67. Rh6 Rf3 68. Bd6 Bf7 69. Rh7 Kc6 70. Rh8 Bg6 71. Rc8+ Kb5 72. Rb8 Ka6 73. e5 Rd3+ 74. Kc4 Re3 75. Kd4 Rd3+ 76. Kc4 Ka7 77. Rf8 Re3 78. Rf6 Bh5 79. Kd4 Re1 80. e6 Be8 81. e7 Bc6 82. Rf8 Re2 83. Kc4 Re1 84. Rf2 Re4+ 85. Kd3 Re6 86. Ra2+ Ba4 87. Rxa4# 1-0


[Site "https://www.chess.com"]

[Event "Titled Tuesday Blitz July 25 Early 2023"]
[White "Pasti, Aron"]
[Black "Kazakouski, Valery"]
[WhiteFideId "785857"]
[BlackFideId "13507443"]
[WhiteElo "2457"]
[BlackElo "2855"]
[Result "0-1"]
[Round "1"]
[TimeControl "180+2"]
[Date "2023.07.25"]
[WhiteClock "0:00:06"]
[BlackClock "0:01:00"]
[Board "51"]

1. e4 c5 2. d4 cxd4 3. c3 dxc3 4. Nxc3 e6 5. Nf3 a6 6. Bc4 b5 7. Bb3 Nc6 8. O-O Nge7 9. Bg5 h6 10. Bh4 g5 11. Bg3 Bg7 12. e5 g4 13. Nh4 Nxe5 14. Ne4 d5 15. Nc3 h5 16. Re1 N7c6 17. Nxd5 exd5 18. Bxd5 Be6 19. Bxe5 Nxe5 20. Bxa8 Qxa8 21. Qd6 Qd8 22. Qxa6 Qxh4 23. Rxe5 Bxe5 24. Qxb5+ Ke7 25. Qxe5 Rd8 26. Qc5+ Kf6 27. Re1 Qg5 28. Qc3+ Kg6 29. Qc2+ Bf5 30. Qc6+ Qf6 31. Qc7 Rd2 32. b4 Qd4 33. Qc6+ Kg7 34. Rf1 Bd3 35. Qb5 Bxb5 0-1


[Site "https://www.chess.com"]

[Event "Titled Tuesday Blitz July 25 Early 2023"]
[White "KhalilMousavi98"]
[Black "Estrada Nieto, Julian"]
[BlackFideId "5101018"]
[WhiteElo "2849"]
[BlackElo "2456"]
[Result "1-0"]
[Round "1"]
[TimeControl "180+2"]
[Date "2023.07.25"]
[WhiteClock "0:02:04"]
[BlackClock "0:00:25"]
[Board "52"]

1. e4 e5 2. Nf3 Nc6 3. Bb5 a6 4. Ba4 Nf6 5. Nc3 b5 6. Bb3 Bc5 7. d3 d6 8. Nd5 h6 9. c3 O-O 10. Nxf6+ Qxf6 11. Bd5 Bd7 12. Rg1 Qe7 13. g4 Rae8 14. g5 h5 15. Nh4 Bg4 16. Rxg4 hxg4 17. Bxc6 f5 18. exf5 e4 19. d4 Bb6 20. Bd5+ Kh7 21. Qxg4 1-0


[Site "https://www.chess.com"]

[Event "Titled Tuesday Blitz July 25 Early 2023"]
[White "Urbina Perez, Juan Antonio"]
[Black "Oro, Faustino"]
[WhiteFideId "2217368"]
[BlackFideId "20000197"]
[WhiteElo "2455"]
[BlackElo "2848"]
[Result "0-1"]
[Round "1"]
[TimeControl "180+2"]
[Date "2023.07.25"]
[WhiteClock "0:00:01"]
[BlackClock "0:00:05"]
[Board "53"]

1. e4 e5 2. Nf3 Nc6 3. Bc4 Bc5 4. d3 Nf6 5. Bg5 h6 6. Bh4 Be7 7. a4 d6 8. a5 a6 9. O-O O-O 10. c3 d5 11. Bxf6 dxc4 12. Bxe7 Qxe7 13. dxc4 Bg4 14. Nbd2 Nd8 15. h3 Bh5 16. Qb3 Rb8 17. Rfe1 Ne6 18. Qa3 Qf6 19. Re3 Nf4 20. Qc5 Rfd8 21. Kh2 Nd3 22. Qxc7 Qf4+ 23. g3 Qf6 24. Rf1 Nxb2 25. Kg2 Qe6 26. Nb3 Qxc4 27. Qxc4 Nxc4 28. Re2 Rd3 29. g4 Bg6 30. Nc5 Rxc3 31. Nd7 Re8 32. Rb1 Nxa5 33. Rb6 Nc4 34. Rxb7 Nd6 35. Ra7 Bxe4 36. Re3 Rxe3 37. fxe3 Nc4 38. Kf2 a5 39. Rc7 Bxf3 40. Kxf3 e4+ 41. Kf4 Nd6 42. Ra7 Nc4 43. Rc7 g5+ 44. Kg3 Nxe3 0-1


[Site "https://www.chess.com"]

[Event "Titled Tuesday Blitz July 25 Early 2023"]
[White "Ilamparthi A R"]
[Black "Ai, Evan"]
[WhiteFideId "45015775"]
[BlackFideId "2094770"]
[WhiteElo "2848"]
[BlackElo "2454"]
[Result "1-0"]
[Round "1"]
[TimeControl "180+2"]
[Date "2023.07.25"]
[WhiteClock "0:01:20"]
[BlackClock "0:01:45"]
[Board "54"]

1. e4 e5 2. Nf3 Nc6 3. d3 Bc5 4. Nxe5 Nxe5 5. d4 Bxd4 6. Qxd4 Qf6 7. Be3 Nc6 8. Qxf6 Nxf6 9. Nc3 d6 10. f3 a6 11. O-O-O O-O 12. Be2 h6 13. g4 Be6 14. h4 Ne5 15. g5 Nh5 16. gxh6 g6 17. Rhg1 Nc4 18. Bxc4 Bxc4 19. b3 Be6 20. Nd5 Bxd5 21. Rxd5 Kh7 22. Rxh5 gxh5 23. Rg7+ Kh8 24. Bd4 c5 25. Bf6 1-0


[Site "https://www.chess.com"]

[Event "Titled Tuesday Blitz July 25 Early 2023"]
[White "Vitiugov, Nikita"]
[Black "Novikov, Evgenij"]
[WhiteFideId "4152956"]
[BlackFideId "4125380"]
[WhiteElo "2842"]
[BlackElo "2453"]
[Result "1-0"]
[Round "1"]
[TimeControl "180+2"]
[Date "2023.07.25"]
[WhiteClock "0:01:47"]
[BlackClock "0:00:33"]
[Board "56"]

1. e4 c6 2. d4 d5 3. e5 Bf5 4. Bd3 Bxd3 5. Qxd3 e6 6. Ne2 Nd7 7. O-O Ne7 8. Nd2 Rc8 9. c3 a6 10. b4 Nf5 11. Nf3 Be7 12. g4 Nh4 13. Nxh4 Bxh4 14. f4 Be7 15. f5 Nb6 16. Nf4 Qd7 17. Qh3 h6 18. fxe6 fxe6 19. Ng6 Rg8 20. Qh5 Kd8 21. Rf7 Re8 22. Rxg7 Rc7 23. Bxh6 Nc8 24. Rf1 c5 25. bxc5 Qa4 26. Nf4 Kd7 27. Qf7 Qc6 28. Rg6 1-0


[Site "https://www.chess.com"]

[Event "Titled Tuesday Blitz July 25 Early 2023"]
[White "Tanmay Jain"]
[Black "Donchenko, Alexander"]
[WhiteFideId "45015481"]
[BlackFideId "24603295"]
[WhiteElo "2453"]
[BlackElo "2840"]
[Result "0-1"]
[Round "1"]
[TimeControl "180+2"]
[Date "2023.07.25"]
[WhiteClock "0:00:01"]
[BlackClock "0:00:09"]
[Board "57"]

1. d4 Nf6 2. Nf3 d5 3. g3 Bf5 4. Bg2 e6 5. O-O h6 6. c3 c6 7. Nbd2 Nbd7 8. Re1 Be7 9. h3 O-O 10. Nh2 c5 11. g4 Bh7 12. e4 dxe4 13. Nxe4 Nxe4 14. Bxe4 Bxe4 15. Rxe4 Nf6 16. Re1 cxd4 17. cxd4 Qd5 18. Be3 Rfd8 19. Qf3 Qb5 20. Qe2 Qa5 21. Rec1 Nd5 22. Nf3 Rac8 23. a3 Qb6 24. Ne5 Bg5 25. Nd3 Nxe3 26. fxe3 Qb3 27. Kf2 Bh4+ 28. Kg2 Qd5+ 29. Qf3 Qb5 30. Qe2 a6 31. Rxc8 Rxc8 32. Rc1 Rd8 33. Rc5 Qb6 34. Qf3 Be7 35. Rc2 Bf6 36. Nf2 Qb3 37. Qe2 e5 38. Ne4 Bh4 39. dxe5 Qd5 40. Qf3 Qxe5 41. Re2 Be7 42. Nc3 Rd7 43. Qe4 Qa5 44. Rf2 Qd8 45. Qf4 Bd6 46. Qf5 g6 47. Qf3 Be5 48. Ne4 Kg7 49. Ng3 Qb6 50. Ne4 Bxb2 51. Qf4 Ba1 52. g5 h5 53. Nf6 Qc6+ 54. Kg1 Rd1+ 55. Kh2 Qe6 56. Ne4 Be5 0-1


[Site "https://www.chess.com"]

[Event "Titled Tuesday Blitz July 25 Early 2023"]
[White "Salinas Herrera, Pablo"]
[Black "Reprintsev, Alexander"]
[WhiteFideId "3407128"]
[BlackFideId "14100541"]
[WhiteElo "2838"]
[BlackElo "2452"]
[Result "1-0"]
[Round "1"]
[TimeControl "180+2"]
[Date "2023.07.25"]
[WhiteClock "0:00:37"]
[BlackClock "0:00:09"]
[Board "58"]

1. d4 d5 2. Nf3 Nc6 3. Bf4 Bg4 4. Nbd2 e6 5. c4 Bd6 6. Bg3 f5 7. e3 Qf6 8. Bxd6 cxd6 9. cxd5 exd5 10. Qb3 Nge7 11. Bd3 O-O 12. O-O f4 13. Rae1 fxe3 14. fxe3 Qh6 15. a3 Rab8 16. Rf2 Kh8 17. Bb1 Rfe8 18. h3 Bh5 19. Nf1 Bg6 20. Bxg6 Qxg6 21. N1h2 Na5 22. Qa4 Nc4 23. Qxa7 Nc6 24. Qa4 Rxe3 25. Rxe3 Nxe3 26. Qb3 Nc4 27. Ng4 h5 28. Ne3 N6a5 29. Qc3 Qe4 30. Nxc4 Nxc4 31. Ng5 Qg6 32. h4 Rd8 33. Qf3 Qe8 34. Nf7+ Kg8 35. Nxd8 Qxd8 36. Qxd5+ 1-0


[Site "https://www.chess.com"]

[Event "Titled Tuesday Blitz July 25 Early 2023"]
[White "Liu, Casper"]
[Black "Kaasen, Tor Fredrik"]
[WhiteFideId "1454153"]
[BlackFideId "1516647"]
[WhiteElo "2451"]
[BlackElo "2835"]
[Result "0-1"]
[Round "1"]
[TimeControl "180+2"]
[Date "2023.07.25"]
[WhiteClock "0:00:19"]
[BlackClock "0:00:22"]
[Board "59"]

1. e4 e5 2. d4 exd4 3. Qxd4 Nc6 4. Qe3 g6 5. Nc3 Bg7 6. Bd2 d6 7. O-O-O Nf6 8. f3 O-O 9. h4 h5 10. Nh3 a6 11. Ng5 b5 12. Kb1 b4 13. Nd5 a5 14. Bc4 Ne5 15. Nxf6+ Bxf6 16. Be2 Ba6 17. g4 hxg4 18. f4 Bxe2 19. Qxe2 Nf3 20. Nxf3 gxf3 21. Qxf3 Kg7 22. h5 Rh8 23. Rdg1 Qe7 24. hxg6 fxg6 25. f5 g5 26. Rh5 Rxh5 27. Qxh5 Rh8 28. Qg6+ Kf8 29. Bxg5 Bxg5 30. Rxg5 Rh1+ 31. Rg1 Rxg1+ 32. Qxg1 Qxe4 33. f6 Qh7 34. b3 Kf7 35. Qg5 c5 36. Qf4 Qh1+ 37. Kb2 Qd5 38. a3 Qe5+ 39. Qxe5 dxe5 40. axb4 axb4 41. c3 Kxf6 42. cxb4 cxb4 43. Kc2 Kf5 44. Kd3 Kf4 45. Kc4 e4 46. Kxb4 e3 47. Kc3 Kf3 48. b4 e2 49. b5 e1=Q+ 0-1


[Site "https://www.chess.com"]

[Event "Titled Tuesday Blitz July 25 Early 2023"]
[White "Bachmann, Axel"]
[Black "Herzog2012"]
[WhiteFideId "3700488"]
[WhiteElo "2825"]
[BlackElo "2450"]
[Result "1-0"]
[Round "1"]
[TimeControl "180+2"]
[Date "2023.07.25"]
[WhiteClock "0:00:18"]
[BlackClock "0:00:01"]
[Board "60"]

1. e4 c5 2. Nc3 Nc6 3. f4 g6 4. Nf3 Bg7 5. Bb5 Nd4 6. a4 e6 7. e5 a6 8. Bd3 d6 9. Ne4 Nxf3+ 10. Qxf3 dxe5 11. fxe5 Bxe5 12. Nxc5 Ne7 13. Nxb7 Bxb7 14. Qxb7 O-O 15. Qe4 Qd6 16. Be2 f5 17. Qd3 Qb6 18. a5 Qc7 19. Qc4 Qd6 20. Qd3 Qc7 21. Ra4 Bxh2 22. Rc4 Bg3+ 23. Kf1 Qe5 24. Qd4 Qxa5 25. Qd7 Qa1 26. Bd1 Qxc1 27. Ke2 Rf7 28. Qxe6 Re8 29. Rxh7 Kxh7 30. Qxf7+ Kh6 31. Qxe8 Nd5 32. Qh8+ Kg5 33. Qd8+ Nf6 34. Qd4 Ng4 35. Qd8+ 1-0


[Site "https://www.chess.com"]

[Event "Titled Tuesday Blitz July 25 Early 2023"]
[White "whiteglovethief"]
[Black "Kezin, Roman"]
[BlackFideId "24124621"]
[WhiteElo "2450"]
[BlackElo "2824"]
[Result "0-1"]
[Round "1"]
[TimeControl "180+2"]
[Date "2023.07.25"]
[WhiteClock "0:00:13"]
[BlackClock "0:01:08"]
[Board "61"]

1. d4 c6 2. c4 d5 3. Nf3 dxc4 4. a4 Nf6 5. g3 c5 6. Bg2 Nc6 7. e3 Bg4 8. O-O e6 9. Na3 cxd4 10. exd4 Bxa3 11. Rxa3 O-O 12. Be3 Rc8 13. h3 Bh5 14. g4 Bg6 15. Rc3 Bd3 16. Re1 Nd5 17. Rc1 Qa5 18. Ra1 Rfd8 19. Nd2 Ncb4 20. Bg5 Rd7 21. Re5 f6 22. Bxf6 gxf6 23. Rxe6 Rf8 24. Ne4 Re7 25. Nc5 Rxe6 26. Nxe6 Re8 27. Nf4 Nxf4 0-1


[Site "https://www.chess.com"]

[Event "Titled Tuesday Blitz July 25 Early 2023"]
[White "Mitrabha, Guha"]
[Black "Itkis, Boris"]
[WhiteFideId "5057000"]
[BlackFideId "1209167"]
[WhiteElo "2823"]
[BlackElo "2445"]
[Result "1-0"]
[Round "1"]
[TimeControl "180+2"]
[Date "2023.07.25"]
[WhiteClock "0:00:04"]
[BlackClock "0:00:01"]
[Board "62"]

1. Nf3 d5 2. d4 Nf6 3. Bf4 c5 4. e3 Nc6 5. Nbd2 g6 6. dxc5 Nh5 7. Bg3 Bg7 8. c3 Nxg3 9. hxg3 O-O 10. Be2 a5 11. a4 b6 12. cxb6 Qxb6 13. Qb3 Rb8 14. Qxb6 Rxb6 15. Bb5 Ba6 16. Bxa6 Rxa6 17. Nd4 Rb8 18. Nxc6 Rxc6 19. Ra2 Rcb6 20. b4 axb4 21. cxb4 Rxb4 22. O-O Ra8 23. a5 Rb5 24. a6 Rb6 25. Rb1 Rbxa6 26. Rxa6 Rxa6 27. Rb8+ Bf8 28. g4 h6 29. g3 Kg7 30. Kg2 e6 31. Nf3 Be7 32. Rb7 Bf6 33. Ne1 Ra4 34. Kf3 e5 35. Rd7 d4 36. e4 Bg5 37. Nd3 Ra3 38. Ke2 Ra2+ 39. Kf1 Bf6 40. Rd5 Ra8 41. Ke2 Ra2+ 42. Kf1 Ra8 43. f4 exf4 44. gxf4 Ra3 45. Ke2 Ra2+ 46. Kd1 Ra3 47. Kc2 Rc3+ 48. Kd2 h5 49. gxh5 gxh5 50. Rxh5 Ra3 51. Rd5 Ra2+ 52. Kd1 Ra1+ 53. Kc2 Ra2+ 54. Kb3 Rd2 55. Nc5 Rf2 56. e5 Bh4 57. Nd3 Rf3 58. Rxd4 Bg3 59. Kc4 Kg6 60. Rd6+ Kf5 61. Rf6+ Ke4 62. Nc5+ Ke3 63. Rxf7 Bxf4 64. e6 Bg5 65. Rg7 Bf6 66. Rf7 Rf4+ 67. Kd5 Rd4+ 68. Kc6 Bh4 69. Rh7 Bg5 70. Rh5 Bf6 71. Nd7 Bh4 72. Re5+ Kf4 73. Re2 Bg5 74. Nc5 Kg4 75. Re5 Kh5 76. e7 1-0


[Site "https://www.chess.com"]

[Event "Titled Tuesday Blitz July 25 Early 2023"]
[White "Rakitic2010"]
[Black "Putnam, Liam"]
[BlackFideId "30938279"]
[WhiteElo "2445"]
[BlackElo "2821"]
[Result "1-0"]
[Round "1"]
[TimeControl "180+2"]
[Date "2023.07.25"]
[WhiteClock "0:00:36"]
[BlackClock "0:00:24"]
[Board "63"]

1. e4 e5 2. d4 exd4 3. Qxd4 Nc6 4. Qe3 Nf6 5. Nc3 Bb4 6. Bd2 O-O 7. O-O-O Re8 8. Qf4 Bxc3 9. Bxc3 Nxe4 10. Bc4 Qe7 11. Re1 d6 12. f3 Be6 13. Rxe4 Ne5 14. Bxe6 Qxe6 15. Kb1 Qd5 16. Nh3 Ng6 17. Qe3 Rxe4 18. fxe4 Qe6 19. Rf1 f6 20. Nf4 Qc4 21. Qd3 Qf7 22. Nd5 Re8 23. Bxf6 c6 24. Bxg7 cxd5 25. Rxf7 Kxf7 26. Bd4 dxe4 27. Qb3+ Re6 28. Qxb7+ Ne7 29. Be3 Kf6 30. Qxa7 Nf5 31. g4 Nxe3 32. Qxe3 d5 33. c3 Ke5 34. Kc2 Rg6 35. h3 h5 36. Qd4+ Ke6 37. Qb6+ Kf7 38. Qb7+ Kf6 39. Qxd5 hxg4 40. hxg4 Rxg4 41. Kb3 e3 42. Qf3+ Kg5 43. Qxe3+ Kf5 44. Qf3+ Rf4 45. Qxf4+ Kxf4 46. Kb4 Ke5 47. a4 Kd6 48. Kb5 Kc7 49. b4 Kb8 50. c4 Ka8 51. a5 Kb8 52. c5 Kc8 53. Kb6 Kb8 54. b5 Ka8 55. a6 Kb8 56. c6 Ka8 57. Kc5 Ka7 58. b6+ Kb8 59. c7+ Kc8 60. a7 Kb7 61. a8=Q+ Kxa8 62. c8=Q# 1-0


[Site "https://www.chess.com"]

[Event "Titled Tuesday Blitz July 25 Early 2023"]
[White "Kravtsiv, Martyn"]
[Black "Zheenbekov, Nurgazy"]
[WhiteFideId "14113147"]
[BlackFideId "13800485"]
[WhiteElo "2818"]
[BlackElo "2445"]
[Result "1-0"]
[Round "1"]
[TimeControl "180+2"]
[Date "2023.07.25"]
[WhiteClock "0:01:04"]
[BlackClock "0:00:32"]
[Board "64"]

1. e3 e5 2. Ne2 d5 3. b3 Nc6 4. g3 Nf6 5. Bg2 Bd6 6. Bb2 O-O 7. d3 a5 8. Nd2 a4 9. a3 Be6 10. O-O axb3 11. cxb3 Qd7 12. Re1 Bh3 13. Bh1 Rfe8 14. Qc2 Ne7 15. b4 c6 16. Nc1 h5 17. Ncb3 h4 18. Nf3 hxg3 19. hxg3 Ng6 20. Ng5 Bf5 21. e4 Bg4 22. Nc5 Qc8 23. f3 Bd7 24. Bg2 Bxc5+ 25. Qxc5 d4 26. Qc2 Nf8 27. f4 Ng4 28. Bc1 Qd8 29. Bf3 Ne3 30. Bxe3 dxe3 31. Rxe3 f6 32. Qa2+ Be6 33. Nxe6 Nxe6 34. f5 Qd4 35. Re1 1-0


[Site "https://www.chess.com"]

[Event "Titled Tuesday Blitz July 25 Early 2023"]
[White "Bendayan Claros, Aaron"]
[Black "Cordova, Emilio"]
[WhiteFideId "3803392"]
[BlackFideId "3801497"]
[WhiteElo "2443"]
[BlackElo "2816"]
[Result "0-1"]
[Round "1"]
[TimeControl "180+2"]
[Date "2023.07.25"]
[WhiteClock "0:00:03"]
[BlackClock "0:00:15"]
[Board "65"]

1. d4 Nf6 2. Nf3 c5 3. e3 e6 4. Bd3 b6 5. O-O Bb7 6. c4 cxd4 7. exd4 Be7 8. Nc3 d5 9. cxd5 Nxd5 10. Ne5 O-O 11. Qh5 g6 12. Qh3 Nc6 13. Bh6 Nxe5 14. dxe5 Nxc3 15. Bxf8 Bxf8 16. bxc3 Qc7 17. Rfe1 Qxc3 18. Bf1 Qxh3 19. gxh3 Bb4 20. Re3 Rc8 21. Rd1 Rc7 22. Red3 Rc2 23. a3 Bc5 24. R1d2 Rxd2 25. Rxd2 a5 26. Rd7 Bc6 27. Rc7 Ba4 28. Rb7 g5 29. Bg2 Kg7 30. Be4 h6 31. Kg2 Bb3 32. f3 a4 33. Kg3 Bxa3 34. Rxb6 Bb2 35. Bb1 Bxe5+ 36. Kg2 Bd5 37. Ra6 Bb3 38. Be4 Bb2 39. Bb1 a3 40. Ra8 Bd5 41. Ra6 h5 42. Ra7 h4 43. Kf2 Bd4+ 44. Kg2 Bxa7 0-1


[Site "https://www.chess.com"]

[Event "Titled Tuesday Blitz July 25 Early 2023"]
[White "Gharibyan, Mamikon"]
[Black "Goldin, Roman"]
[WhiteFideId "13308300"]
[BlackFideId "2803860"]
[WhiteElo "2815"]
[BlackElo "2440"]
[Result "1-0"]
[Round "1"]
[TimeControl "180+2"]
[Date "2023.07.25"]
[WhiteClock "0:00:56"]
[BlackClock "0:00:06"]
[Board "66"]

1. e4 Nc6 2. Nf3 e5 3. Bb5 a6 4. Ba4 Nf6 5. d3 d6 6. c3 Bg4 7. h3 Bh5 8. Be3 Be7 9. Nbd2 Nd7 10. b4 Nf8 11. Bb3 Ne6 12. a4 O-O 13. g4 Bg6 14. h4 h5 15. Ng5 Nxg5 16. gxh5 Bh7 17. hxg5 Bxg5 18. Qg4 Bxe3 19. fxe3 Kh8 20. O-O-O f5 21. exf5 Bxf5 22. Qg6 d5 23. Qg3 Bxd3 24. e4 dxe4 25. Nxe4 Bxe4 26. Rxd8 Raxd8 27. Rg1 Rd7 28. Be6 Re7 29. b5 axb5 30. axb5 Nd8 31. Qg5 Rf6 32. h6 Nxe6 33. hxg7+ Nxg7 34. Qxf6 Rd7 35. Qxe5 1-0


[Site "https://www.chess.com"]

[Event "Titled Tuesday Blitz July 25 Early 2023"]
[White "Vivas Zamora, Fabian Ernesto"]
[Black "Kushko, Dmitriy"]
[WhiteFideId "3902480"]
[BlackFideId "14162261"]
[WhiteElo "2440"]
[BlackElo "2815"]
[Result "0-1"]
[Round "1"]
[TimeControl "180+2"]
[Date "2023.07.25"]
[WhiteClock "0:00:05"]
[BlackClock "0:00:04"]
[Board "67"]

1. e4 c6 2. Nf3 d5 3. Nc3 dxe4 4. Nxe4 Nf6 5. Qe2 Nxe4 6. Qxe4 Qd5 7. Qh4 Qe6+ 8. Be2 Qg4 9. Qg3 Qxg3 10. hxg3 Bf5 11. c3 h6 12. d4 e6 13. Ne5 Nd7 14. g4 Be4 15. f3 Bh7 16. Be3 Bd6 17. Nxd7 Kxd7 18. Kf2 a5 19. Rad1 b5 20. g5 hxg5 21. Bxg5 Bc2 22. Rc1 Bg6 23. Ke3 a4 24. Bf4 a3 25. b3 Rab8 26. Bxd6 Kxd6 27. f4 f6 28. Bf3 c5 29. dxc5+ Kxc5 30. b4+ Kb6 31. Rxh8 Rxh8 32. c4 bxc4 33. Rxc4 Rd8 34. Rc3 Kb5 35. Rxa3 Kxb4 36. Rb3+ Kc5 37. Rc3+ Kd6 38. Be4 Bxe4 39. Kxe4 Ra8 40. a3 Ra4+ 41. Ke3 e5 42. fxe5+ Kxe5 43. Kd3 Rg4 0-1


[Site "https://www.chess.com"]

[Event "Titled Tuesday Blitz July 25 Early 2023"]
[White "Samunenkov, Ihor"]
[Black "Lopez, Henry"]
[WhiteFideId "14187086"]
[BlackFideId "5203830"]
[WhiteElo "2814"]
[BlackElo "2439"]
[Result "0-1"]
[Round "1"]
[TimeControl "180+2"]
[Date "2023.07.25"]
[WhiteClock "0:00:02"]
[BlackClock "0:00:25"]
[Board "68"]

1. d4 d5 2. c4 c6 3. Nf3 Nf6 4. e3 Bf5 5. Nc3 e6 6. Nh4 Be4 7. f3 Bg6 8. Bd2 Nbd7 9. Nxg6 hxg6 10. Qc2 Bd6 11. O-O-O Qc7 12. c5 Be7 13. f4 g5 14. fxg5 Ng4 15. g6 Nf2 16. gxf7+ Kxf7 17. Bd3 Nxh1 18. Rxh1 Rxh2 19. Rg1 Nf6 20. e4 Qg3 21. e5 Nh5 22. Rf1+ Kg8 23. Bg6 Qxg2 24. Bf7+ Kh8 25. Rd1 Nf4 0-1


[Site "https://www.chess.com"]

[Event "Titled Tuesday Blitz July 25 Early 2023"]
[White "Ionescu, Mihai"]
[Black "Plotkin, Mark"]
[WhiteFideId "1202499"]
[BlackFideId "2611651"]
[WhiteElo "2437"]
[BlackElo "2811"]
[Result "0-1"]
[Round "1"]
[TimeControl "180+2"]
[Date "2023.07.25"]
[WhiteClock "0:00:07"]
[BlackClock "0:00:33"]
[Board "69"]

1. Nf3 f5 2. d3 Nc6 3. e4 e5 4. d4 fxe4 5. Nxe5 Nf6 6. Bg5 d6 7. Nxc6 bxc6 8. c4 Rb8 9. b3 d5 10. c5 Be7 11. Be2 O-O 12. O-O Be6 13. f3 Qd7 14. fxe4 Nxe4 15. Bxe7 Qxe7 16. Nd2 Rxf1+ 17. Bxf1 Bf5 18. Qe2 Re8 19. Re1 Bg6 20. g3 Qf8 21. Nxe4 Rxe4 22. Qd2 Qe7 23. Rxe4 Bxe4 24. Qa5 Qf6 25. Qxc7 Qxd4# 0-1


[Site "https://www.chess.com"]

[Event "Titled Tuesday Blitz July 25 Early 2023"]
[White "carokannlover213"]
[Black "Devaev, Alexander"]
[BlackFideId "4169395"]
[WhiteElo "2802"]
[BlackElo "2435"]
[Result "0-1"]
[Round "1"]
[TimeControl "180+2"]
[Date "2023.07.25"]
[WhiteClock "0:00:06"]
[BlackClock "0:00:03"]
[Board "70"]

1. c4 c5 2. Nf3 e6 3. e3 Nf6 4. b3 Be7 5. Bb2 b6 6. Be2 Bb7 7. O-O O-O 8. d4 d6 9. Nc3 Nbd7 10. Re1 a6 11. a4 Qc7 12. d5 e5 13. Nd2 Ne8 14. e4 g6 15. Nf1 f5 16. exf5 gxf5 17. Bc1 Ndf6 18. Ng3 Bc8 19. Bh6 Rf7 20. Nh5 Bd7 21. Qd3 Kh8 22. f4 e4 23. Qh3 Ng8 24. Bg5 Nef6 25. Kh1 Raf8 26. Nd1 Qd8 27. Qc3 h6 28. Bh4 Kh7 29. Bxf6 Nxf6 30. Qh3 Nxh5 31. Bxh5 Rg7 32. Ne3 Bf6 33. Rad1 Bd4 34. Re2 Qf6 35. Nc2 Rfg8 36. Ne1 b5 37. axb5 axb5 38. g3 bxc4 39. bxc4 Ba4 40. Rc1 Bd7 41. Ng2 Be8 42. Bxe8 Rxe8 43. Nh4 Rf8 44. Ra2 Rff7 45. Ra6 Rg8 46. Rb1 Rd8 47. Rbb6 Rdd7 48. Qg2 e3 49. Qc2 Kg7 50. Kg2 Kh8 51. Qe2 Kg7 52. Rb8 Rf8 53. Rxf8 Qxf8 54. Qd3 Rf7 55. Ra2 Qe7 56. Kf3 Qf6 57. Re2 h5 58. h3 Kh6 59. Ra2 Kg7 60. Ra6 Kh8 61. Qb3 Kg7 62. Qb8 Qe7 63. Ke2 Qe4 64. Qxd6 Qc2+ 65. Ke1 Qf2+ 66. Kd1 Qd2# 0-1


[Site "https://www.chess.com"]

[Event "Titled Tuesday Blitz July 25 Early 2023"]
[White "Herman, Daniel"]
[Black "Nenezic, Marko"]
[WhiteFideId "30935008"]
[BlackFideId "912123"]
[WhiteElo "2434"]
[BlackElo "2801"]
[Result "1/2-1/2"]
[Round "1"]
[TimeControl "180+2"]
[Date "2023.07.25"]
[WhiteClock "0:00:12"]
[BlackClock "0:00:17"]
[Board "71"]

1. c4 Nf6 2. Nc3 g6 3. e4 d6 4. d4 Bg7 5. Nf3 O-O 6. h3 e5 7. d5 a5 8. Be3 Na6 9. Bd3 Nh5 10. g3 Qe8 11. Qd2 c6 12. O-O-O Nb4 13. Be2 cxd5 14. Nxd5 Nxd5 15. Qxd5 Nf6 16. Qxd6 Nxe4 17. Qc7 Qa4 18. Kb1 Bf5 19. Bd3 Rfc8 20. Qe7 Re8 21. Qh4 Nc3+ 22. bxc3 Be4 23. Qxe4 Qa3 24. Bc2 f5 25. Qd5+ Kh8 26. Ng5 Re7 27. Nf7+ Rxf7 28. Qxf7 Qxc3 29. Qd5 a4 30. Qb5 e4 31. Bd4 Bxd4 32. Rxd4 Qxd4 33. Rd1 Qc3 34. Qb2 Qxb2+ 35. Kxb2 Rc8 36. Bxa4 Rxc4 37. Rd7 Rxa4 38. Rxb7 Kg8 39. Kb3 Ra6 40. a4 g5 41. Kb4 Re6 42. a5 f4 43. gxf4 gxf4 44. Rd7 e3 45. fxe3 fxe3 46. Rd1 e2 47. Re1 Kg7 48. Kb5 Re5+ 49. Kb6 Re6+ 50. Kb7 Re7+ 51. Kc6 Re6+ 52. Kb7 Re7+ 53. Kb8 Re8+ 54. Kb7 Re7+ 1/2-1/2


[Site "https://www.chess.com"]